 Dungeon Sprint DCSS version 0.29.1-13-g9f3cf754e1 (webtiles) character file.

Game seed: 13934315428759948131

143 Groucho the Covert (level 5, 0/24 HPs)
             Began as a Spriggan Enchanter on Feb 11, 2023.
             Slain by a neqoxec (6 damage)
             ... in the Dungeon (Sprint II: "The Violet Keep of Menkaure").
             The game lasted 00:00:50 (43 turns).

Groucho the Covert (Spriggan Enchanter)               Turns: 43, Time: 00:00:50

Health: 0/24       AC:  2    Str:  6      XL:     5   Next: 4%
Magic:  7/14       EV: 17    Int: 14 (16) God:
Gold:   243        SH:  0    Dex: 14      Spells: 16/16 levels left

rFire   . . .      SeeInvis +   a - +1 dagger
rCold   . . .      Faith    .   (no shield)
rNeg    . . .      Spirit   .   b - +0 robe
rPois   .          Reflect  .   (helmet restricted)
rElec   .          Harm     .   (no cloak)
rCorr   .          Rampage  .   (gloves unavailable)
Will    .....      NoTele   +   (boots unavailable)
Stlth   +++++.....              (no amulet)
HPRegen 0.08/turn               (no ring)
MPRegen 0.14/turn               (no ring)

@: on berserk cooldown, hasted and slowed, invisible, very quick
A: very small, no large weapons, unfitting armour, see invisible, speed 3,
clumsy 1
a: no special abilities


You were in the Dungeon.
You visited 1 branch You collected 243 gold pieces.

Inventory:

Hand Weapons
 a - a +1 dagger (weapon)
Armour
 b - a +0 robe (worn)
Scrolls
 i - a scroll of blinking
Potions
 d - a potion of curing
 e - a potion of heal wounds
 g - 2 potions of magic


   Skills:
 + Level 4.9 Short Blades
 - Level 2.6 Dodging
 * Level 10.8 Stealth
 + Level 6.0 Spellcasting
 + Level 6.5 Hexes


You had 16 spell levels left.
You didn't know any spells.
Your spell library contained the following spells:

 Spells                   Type           Power      Damage    Failure   Level
 Confusing Touch          Hex            22%        N/A       3%          3
 Tukima's Dance           Hex            22%        N/A       3%          3
 Ensorcelled Hibernation  Hex/Ice        26%        N/A       6%          2
 Dazzling Flash           Conj/Hex       26%        N/A       12%         3


Dungeon Overview and Level Annotations

Branches:
Dungeon (1/1)

Altars:


Innate Abilities, Weirdness & Mutations

You are very small and have problems with some larger weapons.
You are too small for most types of armour.
You have supernaturally acute eyesight. (SInv)
You cover ground extremely quickly. (Speed+++)
You are clumsy. (Dex -2)


Message History

Something tries to feed on your intellect!
You hit the neqoxec.
The neqoxec is almost dead.
The neqoxec closely misses you.
You puncture the neqoxec!
You kill the neqoxec!
Your Short Blades skill gained 2 levels and is now at level 4!
Your Stealth skill gained 5 levels and is now at level 10!
Your Spellcasting skill gained 3 levels and is now at level 6!
Your Hexes skill gained 2 levels and is now at level 6!
You have reached level 2!
You have reached level 3!
Your experience leads to an increase in your attributes!
Increase (S)trength, (I)ntelligence, or (D)exterity?
You feel stronger. x2
You have reached level 4!
You have reached level 5!
You feel agile. The neqoxec gestures at you.
You feel dopey. Something feeds on your intellect!
You feel a strong urge to attack something.
You are no longer berserk.
You are exhausted.
You feel yourself slow down. The neqoxec closely misses you.
The neqoxec hits you!
* * * LOW HITPOINT WARNING * * *
There is an open door here.
You are too injured to fight recklessly!
You are too injured to fight recklessly!
You are too injured to fight recklessly!
You are too injured to fight recklessly!
You are too injured to fight recklessly!
Okay, then.
You fade into invisibility!
The neqoxec gestures at you.
Strange energies course through your body.
You feel clumsy. The neqoxec hits you.
You die...

## ## ##.
.## .m#.. #
.$. ## ##.
#+# #.#
#$B.##.##33#
#+.<.@3#
#.B.##.##.#
##. #'###.#
# #..# ##
##.†# #.##
+##


You could see 3 neqoxecs.

Vanquished Creatures
  A neqoxec (D)
  2 worms (D)
3 creatures vanquished.

Notes
Turn   | Place    | Note
-------+----------+-------------------------------------------
     0 | D        | Groucho the Spriggan Enchanter began the quest for the Orb.
     0 | D        | Reached XP level 1. HP: 9/9 MP: 5/5
     3 | D        | Noticed a merfolk siren
     6 | D        | Noticed a neqoxec
     6 | D        | Noticed a neqoxec
     6 | D        | Noticed a neqoxec
     6 | D        | Noticed a neqoxec
    13 | D        | Reached skill level 5 in Stealth
    20 | D        | Noticed a boulder beetle
    20 | D        | Noticed a boulder beetle
    39 | D        | Killed a neqoxec
    40 | D        | Reached skill level 10 in Stealth
    40 | D        | Reached XP level 2. HP: 11/13 MP: 6/10
    40 | D        | Reached XP level 3. HP: 14/16 MP: 6/11
    40 | D        | Reached XP level 4. HP: 18/21 MP: 7/13
    40 | D        | Reached XP level 5. HP: 22/24 MP: 7/14
    43 | D        | Gained mutation: You are clumsy. (Dex -2) [a neqoxec]
    43 | D        | Slain by a neqoxec

Illustrated notes

Levels and vault maps discovered:
D:        the_violet_keep_of_menkaure [sprint2_stairs_cluster_1,
          sprint2_shoproom, sprint2_temple, sprint2_basic_supplies,
          sprint2_obstacle_3, sprint2_obstacle_4, sprint2_obstacle_6,
          sprint2_obstacle_7, sprint2_obstacle_2, sprint2_timed_cluster_1,
          sprint2_smallroom_cluster_1, sprint2_smallroom_final_cluster_1,
          sprint2_transparent_cluster_1, sprint2_second_timed_cluster_1,
          sprint2_sniper_area_1, sprint2_heavy_combat_area_1,
          sprint2_mutation_trap_area_1, sprint2_forest_area_1,
          sprint2_light_combat_area_1, sprint2_behind_water_1,
          sprint2_near_end_vault_1]

Skill      XL: |  1 |
---------------+----+-----
Stealth        | 10 | 10.8
Spellcasting   | 6 |  6.0
Short Blades   | 4 |  4.9
Hexes          | 6 |  6.5
Dodging        | |  2.6

Action                   |  1- 3 |  4- 6 || total
-------------------------+-------+-------++-------
Melee: Dagger            |    16 |       ||    16
       Punch             |     1 |       ||     1
  Use: Potion            |     3 |     1 ||     4
 Stab: Sleeping          |     2 |       ||     2
       Invisible         |     1 |       ||     1
Dodge: Dodged            |     4 |     1 ||     5
